SL
CHICAGO GOLD SOX @ WIZARDING EXPRESS
05/18/2032
 
TOP OF THE 1ST
Chicago Gold Sox batting - Pitching for Wizarding Express : RHP Juan Contreras
Pitching: RHP Juan Contreras
Batting: RHB Norman Winston 0-0: Foul Ball, location: 2F
0-1: Ball
1-1: Called Strike
1-2: Fly out, F8 (Line Drive, 89M)
Batting: LHB Noel Ballard 0-0: Called Strike
0-1: Ball
1-1: Ball
2-1: Called Strike
2-2: Strikes out swinging
Batting: RHB Ramón Rodríguez 0-0: Ball
1-0: Fly out, F7 (Flyball, 7D)
Top of the 1st over - 0 runs, 0 hits, 0 errors, 0 left on base; Chicago 0 - Wizarding 0
BOTTOM OF THE 1ST
Wizarding Express batting - Pitching for Chicago Gold Sox : LHP Jesús Franco
Pitching: LHP Jesús Franco
Batting: RHB Frank Grimes 0-0: Called Strike
0-1: SINGLE (Groundball, 34D)
Batting: LHB José Corona 0-0: Called Strike
0-1: Ball
1-1: Ground out U3 (Groundball, 34S)
Frank Grimes to second
Batting: RHB Ralph Cranford 0-0: Called Strike
0-1: Ball
1-1: Ball
2-1: Ball
3-1: Called Strike
3-2: Foul Ball, location: 2F
3-2: Ground out 6-3 (Groundball, 6M)
Frank Grimes to third
Batting: RHB Paul Penrice 0-0: Foul Ball, location: 2F
0-1: Ball
1-1: Ball
2-1: Ball
3-1: Base on Balls
Batting: LHB Nathan Tanner 0-0: Called Strike
0-1: Foul Ball, location: 2F
0-2: Ball
1-2: Ball
2-2: Foul Ball, location: 2F
2-2: Strikes out swinging
Bottom of the 1st over - 0 runs, 1 hit, 0 errors, 2 left on base; Chicago 0 - Wizarding 0
TOP OF THE 2ND
Chicago Gold Sox batting - Pitching for Wizarding Express : RHP Juan Contreras
Batting: SHB Lupo Cotto 0-0: Called Strike
0-1: Swinging Strike
0-2: Ball
1-2: Fly out, F8 (Line Drive, 8RM)
Batting: RHB Manuel Guillama 0-0: Called Strike
0-1: Fly out, F7 (Flyball, 78M)
Batting: RHB Zeus Preckwinkle 0-0: Foul Ball, location: 2F
0-1: Ball
1-1: Foul Ball, location: 2F
1-2: Foul Ball, location: 2F
1-2: Foul Ball, location: 2F
1-2: Foul Ball, location: 2F
1-2: SINGLE (Groundball, 5S) (infield hit)
Batting: RHB Jorge Baker 0-0: Ball
Zeus Preckwinkle is caught stealing 2nd base
Top of the 2nd over - 0 runs, 1 hit, 0 errors, 0 left on base; Chicago 0 - Wizarding 0
BOTTOM OF THE 2ND
Wizarding Express batting - Pitching for Chicago Gold Sox : LHP Jesús Franco
Batting: RHB Gustavo Mateo 0-0: Foul Ball, location: 2F
0-1: Foul Ball, location: 2F
0-2: Ball
1-2: Ball
2-2: SINGLE (Line Drive, 4D)
Batting: SHB Salvador Trevino 0-0: Ball
1-0: Foul Ball, location: 2F
1-1: Called Strike
1-2: Ball
2-2: Ball
3-2: Foul Ball, location: 2F
3-2: Foul Ball, location: 2F
3-2: Base on Balls
Gustavo Mateo to second
Batting: LHB Cris Gonzáles 0-0: Called Strike
0-1: Swinging Strike
0-2: Ball
1-2: Strikes out swinging
Batting: LHB António Boccanegra 0-0: Called Strike
0-1: Foul Ball, location: 2F
0-2: Strikes out swinging
Batting: RHB Frank Grimes 0-0: Ball
1-0: DOUBLE (Flyball, 8LXD)
Gustavo Mateo scores
Salvador Trevino to third
Runner from 3rd tries for Home, SAFE, no throw
Batting: LHB José Corona 0-0: Ball
1-0: Ball
2-0: Foul Ball, location: 2F
2-1: Fly out, F7 (Flyball, 7LMF)
Bottom of the 2nd over - 2 runs, 2 hits, 0 errors, 1 left on base; Chicago 0 - Wizarding 2
TOP OF THE 3RD
Chicago Gold Sox batting - Pitching for Wizarding Express : RHP Juan Contreras
Batting: RHB Jorge Baker 0-0: Ball
1-0: Ball
2-0: Foul Ball, location: 2F
2-1: SINGLE (Groundball, 56D)
Batting: LHB Shigenobu Ohayashi 0-0: Ball
1-0: Fly out, F4 (Line Drive, 4M)
Batting: RHB Jeb Sexton 0-0: Ball
1-0: Swinging Strike
1-1: Swinging Strike
1-2: Ball
2-2: Ball
3-2: Foul Ball, location: 2F
3-2: Base on Balls
Jorge Baker to second
Batting: RHB Norman Winston 0-0: Called Strike
0-1: Ball
1-1: Called Strike
1-2: Fly out, F7 (Flyball, 78M)
Batting: LHB Noel Ballard 0-0: Ball
1-0: Ball
2-0: Ball
3-0: Called Strike
3-1: Base on Balls
Jorge Baker to third
Jeb Sexton to second
Batting: RHB Ramón Rodríguez 0-0: Called Strike
0-1: Ball
1-1: SINGLE (Line Drive, 56)
Jorge Baker scores
Jeb Sexton to third
Noel Ballard to second
Throwing error, E7
Jeb Sexton scores
Noel Ballard to third
Ramón Rodríguez to second
Batting: SHB Lupo Cotto 0-0: Called Strike
0-1: Called Strike
0-2: Strikes out swinging
Top of the 3rd over - 2 runs, 2 hits, 1 error, 2 left on base; Chicago 2 - Wizarding 2
BOTTOM OF THE 3RD
Wizarding Express batting - Pitching for Chicago Gold Sox : LHP Jesús Franco
Batting: RHB Ralph Cranford 0-0: Swinging Strike
0-1: Ball
1-1: Ball
2-1: Ground out 4-3 (Groundball, 4S)
Batting: RHB Paul Penrice 0-0: Called Strike
0-1: Ball
1-1: Fly out, F7 (Flyball, 78M)
Batting: LHB Nathan Tanner 0-0: Called Strike
0-1: Ball
1-1: SINGLE (Popup, 56D)
Batting: RHB Gustavo Mateo 0-0: Ball
1-0: Ball
2-0: Foul Ball, location: 2F
2-1: Foul Ball, location: 2F
2-2: Ball
3-2: Strikes out swinging
Bottom of the 3rd over - 0 runs, 1 hit, 0 errors, 1 left on base; Chicago 2 - Wizarding 2
TOP OF THE 4TH
Chicago Gold Sox batting - Pitching for Wizarding Express : RHP Juan Contreras
Batting: RHB Manuel Guillama 0-0: Ball
1-0: Called Strike
1-1: Ground out 4-3 (Groundball, 34)
Batting: RHB Zeus Preckwinkle 0-0: Called Strike
0-1: Ball
1-1: Ground out 6-3 (Groundball, 56)
Batting: RHB Jorge Baker 0-0: Called Strike
0-1: Ball
1-1: Swinging Strike
1-2: Ball
2-2: Foul Ball, location: 2F
2-2: Ball
3-2: Base on Balls
Batting: LHB Shigenobu Ohayashi 0-0: Ball
1-0: Ball
2-0: Foul Ball, location: 2F
2-1: Swinging Strike
2-2: Ball
3-2: Ground out 4-3 (Groundball, 4)
Top of the 4th over - 0 runs, 0 hits, 0 errors, 1 left on base; Chicago 2 - Wizarding 2
BOTTOM OF THE 4TH
Wizarding Express batting - Pitching for Chicago Gold Sox : LHP Jesús Franco
Batting: SHB Salvador Trevino 0-0: Ball
1-0: Called Strike
1-1: Foul Ball, location: 2F
1-2: Fly out, F9 (Flyball, 9D)
Batting: LHB Cris Gonzáles 0-0: Fly out, F9 (Flyball, 9LS)
Batting: LHB António Boccanegra 0-0: Ball
1-0: Foul Ball, location: 2F
1-1: Ball
2-1: Called Strike
2-2: Ball
3-2: Ground out 6-3 (Groundball, 6S)
Bottom of the 4th over - 0 runs, 0 hits, 0 errors, 0 left on base; Chicago 2 - Wizarding 2
TOP OF THE 5TH
Chicago Gold Sox batting - Pitching for Wizarding Express : RHP Juan Contreras
Batting: RHB Jeb Sexton 0-0: Ball
1-0: Ball
2-0: Ball
3-0: Base on Balls
Batting: RHB Norman Winston 0-0: Ball
1-0: Called Strike
1-1: Called Strike
1-2: Ball
Jeb Sexton steals 2nd base
2-2: Ball
3-2: Fly out, F9 (Flyball, 9)
Batting: LHB Noel Ballard 0-0: Ball
1-0: Called Strike
1-1: Ball
2-1: Foul Ball, location: 2F
2-2: Foul Ball, location: 2F
2-2: Fly out, F9 (Flyball, 89M)
Batting: RHB Ramón Rodríguez 0-0: Foul Ball, location: 2F
0-1: Fly out, F8 (Flyball, 89D)
Top of the 5th over - 0 runs, 0 hits, 0 errors, 1 left on base; Chicago 2 - Wizarding 2
BOTTOM OF THE 5TH
Wizarding Express batting - Pitching for Chicago Gold Sox : LHP Jesús Franco
Batting: RHB Frank Grimes 0-0: Called Strike
0-1: Swinging Strike
0-2: Ball
1-2: Ball
2-2: SINGLE (Line Drive, 8RS)
Batting: LHB José Corona 0-0: Called Strike
0-1: Ball
1-1: Reached on error, E1 (Groundball, 13S)
Frank Grimes to second
Batting: RHB Ralph Cranford 0-0: SINGLE (Flyball, 8LS)
Frank Grimes to third
José Corona to second
Batting: RHB Paul Penrice 0-0: Ball
1-0: Swinging Strike
1-1: Called Strike
1-2: Ball
2-2: Strikes out swinging
Batting: LHB Nathan Tanner 0-0: Grounds into fielders choice 3-2 (Groundball, 3)
José Corona to third
Ralph Cranford to second
Batting: RHB Gustavo Mateo 0-0: Fly out, F7 (Flyball, 7S)
Bottom of the 5th over - 0 runs, 2 hits, 1 error, 3 left on base; Chicago 2 - Wizarding 2
TOP OF THE 6TH
Chicago Gold Sox batting - Pitching for Wizarding Express : RHP Juan Contreras
Batting: SHB Lupo Cotto 0-0: Ball
1-0: Called Strike
1-1: Ball
2-1: Ball
3-1: Called Strike
3-2: Foul Ball, location: 2F
3-2: Foul Ball, location: 2F
3-2: Ground out 4-3 (Groundball, 4M)
Batting: RHB Manuel Guillama 0-0: Ball
1-0: Foul Ball, location: 2F
1-1: Ball
2-1: Ball
3-1: Ground out U3 (Groundball, 34)
Batting: RHB Zeus Preckwinkle 0-0: Called Strike
0-1: Ball
1-1: Swinging Strike
1-2: Fly out, F3 (Popup, 23F)
Top of the 6th over - 0 runs, 0 hits, 0 errors, 0 left on base; Chicago 2 - Wizarding 2
BOTTOM OF THE 6TH
Wizarding Express batting - Pitching for Chicago Gold Sox : LHP Jesús Franco
Batting: SHB Salvador Trevino 0-0: Called Strike
0-1: Ground out 4-3 (Groundball, 4S)
Batting: LHB Cris Gonzáles 0-0: Ball
1-0: Foul Ball, location: 2F
1-1: Hit by Pitch
Batting: LHB António Boccanegra 0-0: Ball
1-0: Foul Ball, location: 2F
1-1: Ball
2-1: Swinging Strike
2-2: Single, Error in OF, E9, batter to second base
Cris Gonzáles to third
Batting: RHB Frank Grimes 0-0: Foul Ball, location: 2F
0-1: Ball
1-1: Foul Ball, location: 2F
1-2: Strikes out swinging
Batting: LHB José Corona 0-0: Called Strike
0-1: Foul Ball, location: 2F
0-2: Ground out 6-3 (Groundball, 6MS)
Bottom of the 6th over - 0 runs, 1 hit, 1 error, 2 left on base; Chicago 2 - Wizarding 2
TOP OF THE 7TH
Chicago Gold Sox batting - Pitching for Wizarding Express : RHP Juan Contreras
Batting: RHB Jorge Baker 0-0: Foul Ball, location: 2F
0-1: Called Strike
0-2: Strikes out swinging
Pitching: LHP Eijiro Takahashi
Batting: LHB Shigenobu Ohayashi 0-0: Foul Ball, location: 2F
0-1: Fly out, F4 (Popup, 34D)
Batting: RHB Jeb Sexton 0-0: Ball
1-0: Called Strike
1-1: Ball
2-1: Ball
3-1: Base on Balls
Batting: RHB Norman Winston 0-0: Ball
1-0: Foul Ball, location: 2F
1-1: Ball
2-1: Ground out 3-1 (Groundball, 34S)
Top of the 7th over - 0 runs, 0 hits, 0 errors, 1 left on base; Chicago 2 - Wizarding 2
BOTTOM OF THE 7TH
Wizarding Express batting - Pitching for Chicago Gold Sox : LHP Jesús Franco
Batting: RHB Ralph Cranford 0-0: Fly out, F5 (Line Drive, 5L)
Batting: RHB Paul Penrice 0-0: Ball
1-0: Ball
2-0: Called Strike
2-1: Foul Ball, location: 2F
2-2: Ball
3-2: Foul Ball, location: 2F
3-2: Foul Ball, location: 2F
3-2: Ground out 5-3 (Groundball, 5S)
Batting: LHB Nathan Tanner 0-0: Swinging Strike
0-1: Ball
1-1: Swinging Strike
1-2: Ground out 5-3 (Groundball, 56)
Bottom of the 7th over - 0 runs, 0 hits, 0 errors, 0 left on base; Chicago 2 - Wizarding 2
TOP OF THE 8TH
Chicago Gold Sox batting - Pitching for Wizarding Express : LHP Eijiro Takahashi
Batting: LHB Noel Ballard 0-0: Foul Ball, location: 2F
0-1: Ground out U3 (Groundball, 3L)
Batting: RHB Ramón Rodríguez 0-0: Foul Ball, location: 2F
0-1: Fly out, F7 (Flyball, 7S)
Batting: SHB Lupo Cotto 0-0: Called Strike
0-1: Swinging Strike
0-2: Strikes out swinging
Top of the 8th over - 0 runs, 0 hits, 0 errors, 0 left on base; Chicago 2 - Wizarding 2
BOTTOM OF THE 8TH
Wizarding Express batting - Pitching for Chicago Gold Sox : LHP Jesús Franco
Batting: RHB Gustavo Mateo 0-0: Foul Ball, location: 2F
0-1: Ball
1-1: Ball
2-1: Ball
3-1: Base on Balls
Pitching: LHP Dan Crowder
Batting: SHB Salvador Trevino 0-0: Ball
1-0: SINGLE (Groundball, 34D)
Gustavo Mateo to second
Runner from 2nd tries for 3rd, SAFE, no throw
Batting: LHB Cris Gonzáles 0-0: Swinging Strike
0-1: Ball
1-1: Ball
2-1: Fly out, F8 (Flyball, 8LM)
Runner from 3rd tags up, SCORES, throw made
Batting: LHB António Boccanegra 0-0: Called Strike
0-1: Ball
1-1: Ball
2-1: Swinging Strike
2-2: Foul Ball, location: 2F
2-2: Ball
3-2: Ground out 4-3 (Groundball, 34)
Salvador Trevino to second
Batting: RHB Frank Grimes 0-0: Fly out, F7 (Flyball, 7LM)
Bottom of the 8th over - 1 run, 1 hit, 0 errors, 1 left on base; Chicago 2 - Wizarding 3
TOP OF THE 9TH
Chicago Gold Sox batting - Pitching for Wizarding Express : LHP Eijiro Takahashi
Pitching: LHP Dorian Daly
Batting: RHB Manuel Guillama 0-0: Called Strike
0-1: Called Strike
0-2: Ball
1-2: Fly out, F8 (Flyball, 8LD)
Batting: RHB Zeus Preckwinkle 0-0: Called Strike
0-1: Ground out 5-3 (Groundball, 56S)
Batting: RHB Jorge Baker 0-0: Called Strike
0-1: Ground out 5-3 (Groundball, 5L)
Top of the 9th over - 0 runs, 0 hits, 0 errors, 0 left on base; Chicago 2 - Wizarding 3
Wednesday, September 19th, 2018 - OOTP Baseball 18.8 Build 76